 Dungeon Crawl Stone Soup version 0.24.0-1-gfbc8707122 (webtiles) character file.

Game seed: 12193155262269499849, levelgen mode: classic

1150 EnegeticOcto the Covered (level 8, -5/53 HPs)
             Began as a Gargoyle Fighter on Oct 27, 2019.
             Was an Initiate of Okawaru.
             Killed by divine providence
             ... invoked by an orc priest
              (12 damage)
             ... on level 6 of the Dungeon.
             The game lasted 00:04:19 (5229 turns).

EnegeticOcto the Covered (Gargoyle Fighter)         Turns: 5229, Time: 00:04:20

Health: -5/53      AC: 27    Str: 23    XL:     8   Next: 38%
Magic:  8/8        EV:  7    Int:  8    God:    Okawaru [......]
Gold:   364        SH: 13    Dex:  9    Spells: 7/7 levels left

rFire    + . .     SeeInvis .   a - +1 war axe
rCold    . . .     Gourm    .   c - +0 shield
rNeg     + . .     Faith    .   t - +3 chain mail
rPois    ∞         Spirit   .   g - +1 helmet
rElec    +         Reflect  +   w - +0 cloak
rCorr    .         Harm     .   (no gloves)
MR       .....     Clarity  +   (no boots)
Stlth    ..........             j - +3 amulet of reflection
HPRegen  0.17/turn              h - +5 ring of protection
MPRegen  0.11/turn              r - ring of protection from fire

@: berserk cooldown, slowed, very slow
A: talons 1, clarity, negative energy resistance 1, robust 1, electricity
resistance, unbreathing, petrification resistance, rot immunity, MP-powered
wands, AC +5
a: Renounce Religion


You were on level 6 of the Dungeon.
You worshipped Okawaru.
Okawaru was noncommittal.
You were not hungry.

You visited 2 branches of the dungeon, and saw 7 of its levels.

You collected 364 gold pieces.

Inventory:

Hand Weapons
 a - a +1 war axe (weapon)
Missiles
 l - a throwing net (quivered) {!f}
Armour
 c - a +0 shield (worn)
 g - a +1 helmet (worn)
 t - a +3 chain mail (worn)
 w - a +0 cloak (worn)
Jewellery
 f - an uncursed ring of poison resistance {unknown}
 h - a +5 ring of protection (left hand)
 j - a +3 amulet of reflection (around neck)
 r - a ring of protection from fire (right hand)
 y - a +2 ring of protection
 A - an uncursed ring of protection from cold {unknown}
Scrolls
 b - 3 scrolls of identify {@r1}
 i - 2 scrolls of remove curse {@r2}
 k - a scroll of blinking {@r4}
 m - 5 scrolls of teleportation {@r3 !r}
 p - a scroll of enchant armour
Potions
 d - a potion of might {@q3 !q}
 n - 2 potions of magic
 o - a potion of curing {@q1 !q}
 q - a potion of haste {@q4 !q}
 s - a potion of resistance {unknown}
 u - a potion of ambrosia
 v - a potion of berserk rage
 z - a potion of brilliance {unknown}
Comestibles
 e - 13 rations


   Skills:
 + Level 5.2 Fighting
 * Level 5.4 Axes
 + Level 5.4 Armour
 + Level 2.9 Dodging
 + Level 5.4 Shields
 + Level 1.2 Invocations


You had 7 spell levels left.
You didn't know any spells.
Your spell library was empty.

Dungeon Overview and Level Annotations

Branches:
Dungeon (6/15)             Temple (1/1) D:5

Altars:
Ashenzari
Cheibriados
Dithmenos
Gozag
Hepliaklqana
Kikubaaqudgha
Nemelex Xobeh
Okawaru
Ru
Uskayaw
Vehumet
Wu Jian
Xom
Yredelemnul
Zin
The Shining One


Innate Abilities, Weirdness & Mutations

You are resistant to torment.
Your stone body is resilient. (AC +5)
You are immune to poison.
You resist negative energy. (rN+)
You are resistant to electric shocks. (rElec)
You can survive without breathing.
You are immune to petrification.
You are immune to rotting.
You have sharp toenails.
You possess an exceptional clarity of mind.
You are robust. (+10% HP)
You expend magic power (3 MP) to strengthen your wands.


Message History

The orc hits you but does no damage.
Your chain mail prevents you from hitting the orc.
You block the orc's attack.
You hit the orc.
The orc is lightly wounded.
You block the orc warrior's attack. The orc barely misses you.
The orc priest looks encouraged for a moment.
You slash the orc!
You kill the orc!
Okawaru accepts your kill.
The orc warrior hits you from afar with a +0 halberd.
The orc priest mumbles some strange prayers to Beogh against you.
Beogh smites you! You block the orc warrior's attack.
You are too injured to fight recklessly!
You are too injured to fight recklessly!
You are too injured to fight recklessly!
You are too injured to fight recklessly!
You are too injured to fight recklessly!
The orc priest begins to cast a cantrip, but forgets the words!
Found a leather armour.
A red film seems to cover your vision as you go berserk!
You feel yourself moving faster!
You feel mighty!
You feel a strong urge to attack something.
You hit the orc priest.
The orc priest is heavily wounded.
You block the orc priest's attack.
You hit the orc priest.
The orc priest is severely wounded.
You block the orc priest's attack.
You slash the orc priest!
You kill the orc priest!
Okawaru accepts your kill.
You barely miss the orc. You hit the orc warrior. You block the orc's attack.
You block the orc warrior's attack.
You closely miss the orc priest.
Your shield and chain mail prevent you from hitting the orc.
You completely miss the orc warrior.
The orc priest hits you but does no damage.
You block the orc's attack.
You closely miss the orc priest. You completely miss the orc.
You closely miss the orc warrior.
The orc warrior hits you with a +0 halberd!
You block the orc priest's attack.
You closely miss the orc warrior.
The orc warrior is lightly wounded.
You barely miss the orc. You closely miss the orc priest.
You block the orc's attack. The orc warrior closely misses you.
You block the orc priest's attack.
Your shield and chain mail prevent you from hitting the orc warrior.
The orc warrior is lightly wounded.
You closely miss the orc. You slash the orc priest!
You are no longer berserk.
You are exhausted.
You feel yourself slow down. You block the orc's attack.
You barely miss the orc warrior.
The orc warrior is lightly wounded.
Your shield prevents you from hitting the orc.
You closely miss the orc priest. You block the orc warrior's attack.
You block the orc priest's attack. You block the orc's attack.
The orc warrior hits you with a +0 halberd!
* * * LOW HITPOINT WARNING * * *
The orc priest hits you but does no damage.
The orc barely misses you.
It was a potion of mutation.
You feel extremely strange.
Your toenails lengthen and sharpen.
You feel robust.
Your thoughts seem clearer.
You feel your magical essence link to the dungeon's wands.
You block the orc priest's attack. The orc warrior barely misses you.
The orc hits you but does no damage.
You slash the orc warrior!
The orc warrior is heavily wounded.
You closely miss the orc.
Your shield prevents you from hitting the orc priest.
The orc priest barely misses you. You block the orc warrior's attack.
You block the orc's attack. You block the orc priest's attack.
The orc warrior closely misses you. The orc closely misses you.
You hit the orc warrior. Your kick misses the orc warrior.
The orc warrior is severely wounded.
You barely miss the orc priest. You closely miss the orc.
The orc priest hits you but does no damage.
You block the orc's attack. You block the orc warrior's attack.
The orc priest begins to cast a cantrip, but forgets the words!
Your shield and chain mail prevent you from hitting the orc warrior.
You claw the orc warrior, but do no damage.
The orc warrior is severely wounded.
You slash the orc!
You kill the orc!
Okawaru accepts your kill.
You hit the orc priest.
The orc warrior hits you with a +0 halberd.
* * * LOW HITPOINT WARNING * * *
The orc priest closely misses you.
The orc warrior hits you but does no damage.
The orc priest hits you but does no damage.
You hit the orc warrior. Your kick misses the orc warrior.
The orc warrior is almost dead.
You closely miss the orc priest. You block the orc warrior's attack.
The orc priest calls down the wrath of Beogh upon you.
Beogh smites you!
You die...

. #. ...######## ###
........ .... ..
..... .#.# ...
#.)#....## . #..#
#.@o......
#...##..###o##....##
............o......
#. ##..##..###.#.##
###.###......## # #
#.....#.#.....#
##.#.....#.#.#.#.##
.........#..........
#........##.#...###


You could see an orc warrior and an orc priest.

Vanquished Creatures
  2 orc warriors
  An ice beast (D:3)
  A necrophage (D:5)
  A howler monkey (D:4)
  A crimson imp (D:5)
  A centaur zombie (D:2)
  5 orc priests
  2 iguanas (D:4)
  6 orc wizards
  3 worker ants
  5 gnolls
  A howler monkey skeleton (D:5)
  4 adders
  An ooze (D:3)
  An adder zombie (D:5)
  3 worms
  5 dart slugs
  4 leopard geckos
  25 orcs
  8 giant cockroaches
  7 goblins
  10 hobgoblins
  2 jackals (D:6)
  3 quokkas (D:2)
  6 bats
  7 frilled lizards
  5 kobolds
  2 quokka skeletons (D:4)
  4 rats
126 creatures vanquished.

Vanquished Creatures (others)
  An orc (D:5)
  4 plants (D:2)
5 creatures vanquished.

Grand Total: 131 creatures vanquished

Notes
Turn   | Place    | Note
-------+----------+-------------------------------------------
     0 | D:1      | EnegeticOcto the Gargoyle Fighter began the quest for the
                  | Orb.
     0 | D:1      | Reached XP level 1. HP: 14/14 MP: 1/1
   143 | D:1      | Reached XP level 2. HP: 19/19 MP: 2/2
   341 | D:1      | Found a shattered altar of Ashenzari.
   796 | D:2      | Reached XP level 3. HP: 23/23 MP: 3/3
   822 | D:2      | Reached XP level 4. HP: 25/28 MP: 4/4
   971 | D:2      | Reached skill level 1 in Dodging
  1280 | D:2      | Found a radiant altar of Vehumet.
  1832 | D:2      | Found a basalt altar of Yredelemnul.
  1962 | D:3      | Reached XP level 5. HP: 33/33 MP: 5/5
  2032 | D:3      | Noticed an ice beast
  2049 | D:3      | Killed an ice beast
  2049 | D:3      | Reached XP level 6. HP: 4/38 MP: 6/6
  3613 | D:4      | Reached XP level 7. HP: 34/44 MP: 7/7
  4382 | D:5      | Entered Level 5 of the Dungeon
  4400 | D:5      | Reached skill level 5 in Armour
  4549 | D:5      | Found a staircase to the Ecumenical Temple.
  4555 | D:5      | Reached skill level 5 in Shields
  4559 | Temple   | Entered the Ecumenical Temple
  4574 | Temple   | Became a worshipper of Warmaster Okawaru
  4670 | D:5      | Reached XP level 8. HP: 48/48 MP: 8/8
  4690 | D:5      | Reached skill level 5 in Axes
  4944 | D:6      | Reached skill level 5 in Fighting
  5120 | D:6      | Reached skill level 1 in Invocations
  5225 | D:6      | Gained mutation: You have sharp toenails. [potion of
                  | mutation]
  5225 | D:6      | Gained mutation: You are robust. (+10% HP) [potion of
                  | mutation]
  5225 | D:6      | Gained mutation: You possess an exceptional clarity of
                  | mind. [potion of mutation]
  5225 | D:6      | Gained mutation: You expend magic power (3 MP) to
                  | strengthen your wands. [potion of mutation]
  5229 | D:6      | Killed from afar by an orc priest

Levels and vault maps discovered:
D:1:      lightli_molten_gateway, layout_loops_ring, ashenzari_altar_1
D:2:      wad_woods_stonehenge, layout_basic, lemuel_round_altar
D:3:      layout_basic
D:4:      minmay_diamond_boxcup, layout_gridville, serial_park_tiny_2
D:5:      layout_gridville, minmay_temple_entry_hall, first_ration
D:6:      layout_loops_ring, nicolae_ossuary_entry_ruins, serial_shops, shop,
          nicolae_dithmenos_shadow_blocks
Temple:   dpeg_three_leaves_temple

Skill      XL: |  1  2  3  4  5  6  7  8 |
---------------+-------------------------+-----
Axes           | 2 3 4 5 |  5.4
Dodging        | 1 2 |  2.9
Armour         | 4 5 |  5.4
Shields        | 4 5 |  5.4
Fighting       | 4 5 |  5.2
Invocations    | 1 |  1.2

Action                   |  1- 3 |  4- 6 |  7- 9 || total
-------------------------+-------+-------+-------++-------
Melee: War axe           |    75 |   229 |   198 ||   502
       Kick              |       |       |     1 ||     1
Throw: Throwing net      |       |     2 |       ||     2
  Use: Scroll            |       |       |    10 ||    10
       Potion            |       |       |     3 ||     3
  Eat: Chunk             |       |     9 |     6 ||    15
Armor: Chain mail        |    61 |   112 |    99 ||   272
       Plate armour      |       |     7 |       ||     7
Dodge: Dodged            |    11 |    58 |    51 ||   120
Block: Shield            |    41 |   114 |   156 ||   311
       Reflection        |       |       |     3 ||     3
